 Dungeon Crawl Stone Soup version 0.20.1-1-g8b1a95d (webtiles) character file.

723 letownia2 the Grave Robber (level 7, -4/60 HPs)
             Began as a Deep Dwarf Necromancer on Dec 17, 2017.
             Was an Initiate of Gozag.
             Killed from afar by Dowan (9 damage)
             ... with a shard of ice
             ... on level 5 of the Dungeon.
             The game lasted 00:09:51 (3399 turns).

letownia2 the Grave Robber (Deep Dwarf Necromancer) Turns: 3399, Time: 00:09:52

Health: -4/60      AC:  1    Str: 12    XL:     7   Next: 43%
Magic:  1/13       EV: 12    Int: 21    God:    Gozag
Gold:   663        SH:  0    Dex: 13    Spells: 10/14 levels left

rFire    . . .     SeeInvis .   a - +1 hand axe of Domination {venom, rC+} (curse)
rCold    + . .     Gourm    .   (no shield)
rNeg     . . .     Faith    .   d - +0 leather armour
rPois    .         Spirit   .   (no helmet)
rElec    .         Reflect  .   (no cloak)
rCorr    .         Harm     .   (no gloves)
MR       +....                  (no boots)
Stlth    ++........             (no amulet)
Regen    0.0/turn               n - +4 ring of intelligence
MPRegen  0.2/turn               w - -2 ring of protection (curse)

@: gold aura, non-regenerating
A: damage resistance, heal wounds, sense surroundings 1, no regeneration
a: Heal Wounds, Potion Petition, Call Merchant, Bribe Branch, Renounce Religion


You were on level 5 of the Dungeon.
You worshipped Gozag.
Gozag was pleased with you.
You were not hungry.

You visited 1 branch of the dungeon, and saw 5 of its levels.

You collected 695 gold pieces.
You paid 32 gold pieces to Gozag.

Inventory:

Hand Weapons
 a - the cursed +1 hand axe of Domination (weapon) {venom, rC+}
   (You found it on level 5 of the Dungeon)

   It poisons the flesh of those it strikes.
   It protects you from cold.
   It has a curse placed upon it.
 b - a +0 mace of holy wrath
 g - a +0 dagger
 D - a +2 dagger of freezing
Armour
 d - a +0 leather armour (worn)
 u - a +0 robe
Jewellery
 n - a +4 ring of intelligence (left hand)
 q - an uncursed ring of protection from magic
 w - a cursed -2 ring of protection (right hand)
Wands
 y - a wand of polymorph (18/24)
 A - a wand of acid (8/15)
Scrolls
 h - 3 scrolls of identify
 o - a scroll of teleportation {unknown}
 p - 3 scrolls of magic mapping {unknown}
 s - 4 scrolls of remove curse {unknown}
 v - a scroll of noise {unknown}
 x - a scroll of fear {unknown}
Potions
 e - a potion of brilliance {unknown}
 f - 3 potions of haste {unknown}
 i - a potion of degeneration {unknown}
 j - 3 potions of lignification {unknown}
 k - 6 potions of curing {unknown}
 m - a potion of invisibility {unknown}
 r - a potion of flight {unknown}
 t - a potion of cancellation
Books
 l - a book of Necromancy

   Spells                             Type                      Level
   a - Pain                           Necromancy                   1
   b - Animate Skeleton               Necromancy                   1
   c - Vampiric Draining              Necromancy                   3
   d - Regeneration                   Charms/Necromancy            3
   e - Animate Dead                   Necromancy                   4
   f - Control Undead                 Necromancy                   4
Comestibles
 c - 4 bread rations
 z - a fruit
 B - a royal jelly
 C - 4 chunks of flesh


   Skills:
 - Level 2.1 Fighting
 + Level 2.7 Axes
 - Level 2.1 Dodging
 - Level 2.4 Stealth
 + Level 4.4 Spellcasting
 - Level 7.3 Necromancy


You had 10 spell levels left.
You knew the following spells:

 Your Spells              Type           Power        Failure   Level  Hunger
a - Pain                  Necr           ####         1%          1    None
v - Vampiric Draining     Necr           #####.....   2%          3    ##.....


Dungeon Overview and Level Annotations

Branches:
Dungeon (5/15)
 Temple: D:4-7

Altars:
Gozag
Kikubaaqudgha
Makhleb
Sif Muna
Trog
Vehumet

Annotations:
D:5 Dowan; Terandir's ghost, novice MiFi


Innate Abilities, Weirdness & Mutations

You are resistant to damage.
You can heal yourself by infusing magical energy.
You passively map a small area around you.
You do not regenerate.


Message History

You feel life coursing into your body. Duvessa barely misses you. x2
Dowan barely misses you.
Unknown command.
Unknown command.
You closely miss Dowan.
Dowan is heavily wounded.
You miss Duvessa.
You kill Duvessa!
Dowan screams, "No!
Oh no!"
Dowan seems to find hidden reserves of power!
Dowan breathes, "And she was my only..."
Dowan hits you with a dagger.
Unknown command.
Unknown command.
You closely miss Dowan.
Dowan is heavily wounded.
Dowan gestures at you while chanting. The shard of ice hits you!
You partially resist.
You die...
Your body crumbles into a pile of gold.

* $, , ... #.# * #####
#.., .# #.#. * .....,#.#,
*.####.#..## ......#.#,
,............
......#.#####.##..##....
..............##..##'##.
.......@$.....##........
........e.....##e.......
*,..............##........
#'####........##........
#, ....######.##..#....#
..?.............##....
####.##.###.#.######.. ,*
*#'* #.#... ### * , ,
#.##### ####


You could see Dowan.

Vanquished Creatures
  Duvessa (D:5)
  A water moccasin (D:4)
  A scorpion (D:5)
  A crimson imp (D:5)
  An orc priest (D:4)
  2 hounds (D:5)
  An iguana (D:5)
  4 orc wizards (D:4)
  3 worker ants (D:5)
  A gnoll (D:1)
  3 adders
  A shadow imp (D:5)
  3 dart slugs
  3 leopard geckos
  12 orcs
  A ball python (D:2)
  A giant cockroach (D:1)
  16 hobgoblins
  8 bats
  5 frilled lizards
  11 goblins
  7 kobolds
  A leopard gecko skeleton (D:4)
  5 rats
93 creatures vanquished.

Notes
Turn   | Place    | Note
-------+----------+-------------------------------------------
     0 | D:1      | letownia2 the Deep Dwarf Necromancer began the quest for the Orb.
     0 | D:1      | Reached XP level 1. HP: 15/15 MP: 3/3
   435 | D:3      | Found an opulent altar of Gozag.
   476 | D:3      | Reached XP level 2. HP: 19/22 MP: 1/5
   546 | D:3      | Became a worshipper of Gozag Ym Sagoz the Greedy
   643 | D:3      | Reached XP level 3. HP: 24/28 MP: 1/6
   648 | D:3      | Learned a level 3 spell: Vampiric Draining
   746 | D:3      | Found an ancient bone altar of Kikubaaqudgha.
   747 | D:3      | Found a deep blue altar of Sif Muna.
   753 | D:3      | Found a radiant altar of Vehumet.
   756 | D:3      | Identified Kikubaaqudgha's Reference Book on Evil Rites
  1003 | D:2      | Reached skill level 5 in Necromancy
  1253 | D:2      | Reached XP level 4. HP: 31/36 MP: 2/8
  2234 | D:4      | Reached skill level 6 in Necromancy
  2234 | D:4      | Reached XP level 5. HP: 21/42 MP: 4/9
  2484 | D:4      | Reached skill level 7 in Necromancy
  2579 | D:4      | Reached XP level 6. HP: 32/49 MP: 4/10
  2820 | D:5      | Entered Level 5 of the Dungeon
  2820 | D:5      | Noticed Duvessa
  2820 | D:5      | Noticed Dowan
  2820 | D:5      | Noticed a water moccasin
  2827 | D:4      | Killed a water moccasin
  2827 | D:4      | Reached skill level 1 in Fighting
  2948 | D:5      | Noticed Terandir's ghost (novice MiFi)
  3124 | D:5      | Got an ancient hand axe
  3125 | D:5      | Identified the cursed +1 hand axe of Domination {venom, rC+} (You found it on level 5 of the Dungeon)
  3257 | D:5      | Reached skill level 1 in Axes
  3257 | D:5      | Reached XP level 7. HP: 43/60 MP: 12/12
  3312 | D:5      | Found a bloodstained altar of Trog.
  3349 | D:5      | Found a burning altar of Makhleb.
  3396 | D:5      | HP: 3/60 [Duvessa/rapier (14)]
  3396 | D:5      | HP: 1/60 [Dowan/dagger (2)]
  3398 | D:5      | Killed Duvessa
  3399 | D:5      | Killed from afar by Dowan

Skill      XL: |  1  2  3  4  5  6  7 |
---------------+----------------------+-----
Spellcasting   | 2 3 4 |  4.4
Necromancy     | 5 6 7 |  7.3
Fighting       | 2 |  2.1
Axes           | 1 2 |  2.7
Dodging        | |  2.1
Stealth        | |  2.4

Action                   |  1- 3 |  4- 6 |  7- 9 || total
-------------------------+-------+-------+-------++-------
Melee: Dagger            |    20 |     8 |       ||    28
       Hand axe          |       |    16 |    16 ||    32
       Mace              |       |     1 |       ||     1
 Cast: Pain              |    57 |    86 |       ||   143
       Vampiric Draining |       |    10 |     6 ||    16
  Use: Scroll            |       |     1 |       ||     1
 Stab: Sleeping          |       |       |     1 ||     1
  Eat: Meat ration       |       |     1 |     1 ||     2
       Royal jelly       |       |     1 |       ||     1
Armor: Leather armour    |    19 |     1 |     2 ||    22
Dodge: Dodged            |    41 |    18 |    18 ||    77
